 Dungeon Crawl Stone Soup version 0.30-b1-2-g02819fbbbe (webtiles) character file.

Game seed: 13431431889374801106

14 Alarkh the Insei (level 2, 21/21 HPs)
             Began as a Demonspawn Transmuter on May 21, 2023.
             Got out of the dungeon alive.
             The game lasted 00:00:33 (140 turns).

Alarkh the Insei (Demonspawn Transmuter)             Turns: 140, Time: 00:00:33

Health: 21/21      AC:  2    Str: 10    XL:     2   Next: 27%
Magic:  5/5        EV: 12    Int: 14    God:
Gold:   0          SH:  0    Dex: 19    Spells: 4/5 levels left

rFire   . .          .
                       - Unarmed
rCold   . . .        (no shield)
rNeg    . . .        a - +0 robe
rPois   .            (no helmet)
rElec   .            (no cloak)
rCorr   .            (no gloves)
SInv    .            (no boots)
Will    .....        (no amulet)
Stlth   ++           f - +6 ring of dexterity
HPRegen 0.23/turn    (no ring)
MPRegen 0.09/turn

%: no passive effects
@: no status effects
A: demonic guardian 1
a: no special abilities


You escaped.
You visited 1 branch of the dungeon, and saw 1 of its levels.

Inventory:

Armour
 a - a +0 robe (worn)
Jewellery
 f - a +6 ring of dexterity (left hand)
Scrolls
 c - a scroll of teleportation {unknown}
 e - a scroll of identify {unknown}
 g - a scroll of immolation {unknown}
Potions
 d - a potion of attraction {unknown}


   Skills:
 - Level 1.0 Fighting
 - Level 1.7 Dodging
 * Level 3.4 Unarmed Combat
 - Level 2.0 Spellcasting
 - Level 1.7 Transmutations


You had 4 spell levels left.
You knew the following spells:

 Your Spells              Type           Power      Damage    Failure   Level
a - Beastly Appendage     Tmut           12%        N/A       12%         1

Your spell library contained the following spells:

 Spells                   Type           Power      Damage    Failure   Level
 Wereblood                Tmut           6%         N/A       17%         2
 Spider Form              Tmut/Pois      3%         N/A       45%         3
 Ice Form                 Ice/Tmut       3%         N/A       86%         4


Dungeon Overview and Level Annotations

Branches:
Dungeon (1/15)

Altars:


Innate Abilities, Weirdness & Mutations

A weak demonic guardian rushes to your aid.


Message History

A gnoll comes into view. It is wielding a +0 flail.
A gnoll is nearby!
Found a scroll labelled YMYZXE VYUBA.
Found a stone staircase leading down.
Casting: Beastly Appendage (safe; 12% risk of failure)
Confirm with . or Enter, or press ? or * to list all spells.
You grow a pair of large bovine horns.
Your feet morph into talons.
Found a book of Armaments.
The gnoll shouts!
The gnoll hits you with a +0 flail.
You hit the gnoll but do no damage. You claw the gnoll.
Your headbutt misses the gnoll.
The gnoll is moderately wounded.
The gnoll hits you with a +0 flail.
You are too injured to fight recklessly!
You are too injured to fight recklessly!
You are too injured to fight recklessly!
You are too injured to fight recklessly!
Really quaff the potion of lignification?
Your horns disappear.
Your talons disappear.
You turn into a tree.
Your +0 robe melds into your body.
Your roots penetrate the ground.
The gnoll hits you but does no damage.
You smack the gnoll!
You kill the gnoll!
You have reached level 2!
Your demonic ancestry asserts itself...
You feel the presence of a demonic guardian.
You start resting.
Magic restored.
You start resting.
Magic restored.
You start resting.
Your transformation is almost over.
HP restored.
You start resting.
HP restored.
You feel less wooden.
Your +0 robe unmelds from your body.
There is a staircase leading out of the dungeon here.
Are you sure you want to leave the Dungeon?
This will make you lose the game!
You have escaped!

.........# .........##
.......#..## #.#
......#.#..###..#
.....#...#......#...
#####.....#####....#
.#..(........#...#.###.#
..#....@....#......#...#
..#.........#........#..
.#...........#..# ....#
#####.....#####.####..##
.....#...#......##......
..##..#.#.)........†#...
. ##..#.....##.........
##...##..##.#.###...
##.###.....#.#####.


There were no monsters in sight!

Vanquished Creatures
  A gnoll (D:1)
  An endoplasm (D:1)
  A giant cockroach (D:1)
  2 rats (D:1)
5 creatures vanquished.

Notes
Turn   | Place    | Note
-------+----------+-------------------------------------------
     0 | D:1      | Alarkh the Demonspawn Transmuter began the quest for the
                  | Orb.
     0 | D:1      | Reached XP level 1. HP: 15/15 MP: 3/3
    49 | D:1      | Reached skill level 3 in Unarmed Combat
    82 | D:1      | Gained mutation: A weak demonic guardian rushes to your
                  | aid. [demonic ancestry]
    82 | D:1      | Reached XP level 2. HP: 15/21 MP: 3/5
   140 | D:$      | Got out of the dungeon alive.

Illustrated notes

Levels and vault maps discovered:
D:1:      scummos_arrival_star, layout_rooms, grunt_decor_cap,
          reono_crystal_passage

Skill      XL: |  1 |
---------------+----+-----
Unarmed Combat | 3 |  3.4
Fighting       | |  1.0
Dodging        | |  1.7
Spellcasting   | |  2.0
Transmutations | |  1.7

Action                     || total
---------------------------++-------
  Melee: Unarmed           ||    12
         Kick              ||     2
         Headbutt          ||     1
   Cast: Beastly Appendage ||     3
    Use: Potion            ||     1
 Armour: Robe              ||     2
         Skin              ||     1
  Dodge: Dodged            ||     4
